Map: Apotheosis LE

Players

Nerchio - Winner!

  • Race: Zerg Zerg

Scarlett

  • Race: Zerg Zerg

Event: 2016 WCS Summer Circuit Championship (DH Montreal)

VOD

Have the link to the VOD?

Description

Time

  • Played on: Aug. 13, 2016, 3:11 p.m.
  • Length: 9:24

All games in this series

Show
View Real Time Build Order
Export as new Build Order

Nerchio Zerg - Winner!

Build Orders: Hatch First, Zergling Baneling 

Get SALT Encoding   

  12  0:00  Drone  
  13  0:12  Overlord  
  13  0:17  Drone  
  14  0:30  Drone x2  
  14  0:34  Drone  
  17  0:53  Hatchery  
  17  0:56  Drone  
  17  1:00  Drone  
  18  1:06  Extractor  
  17  1:16  Spawning Pool  
  16  1:19  Drone  
  16  1:22  Drone  
  18  1:28  Drone  
  19  1:38  Overlord  
  19  1:49  Drone  
  20  2:03  Queen, Zergling x2  
  20  2:04  Queen  
  20  2:05  Zergling x2  
  26  2:11  Metabolic Boost  
  26  2:15  Drone  
  27  2:18  Drone  
  28  2:23  Drone  
  28  2:29  Baneling Nest  
  28  2:30  Drone  
  28  2:37  Drone x2  
  30  2:43  Zergling x2  
  32  2:48  Queen  
  34  2:53  Overlord  
  34  2:56  Zergling x2  
  35  2:59  Zergling x2  
  36  3:12  Baneling x4  
  36  3:13  Baneling  
  36  3:16  Drone  
  36  3:17  Drone x3  
  36  3:19  Zergling x2  
  42  3:20  Zergling x2  
  42  3:23  Baneling  
  42  3:26  Zergling x2  
  44  3:27  Zergling x2  
  44  3:36  Zergling x4  
  44  3:40  Zergling x4  
  43  3:45  Baneling, Overlord  
  43  3:55  Evolution Chamber  
  42  3:56  Drone  
  43  4:03  Baneling  
  43  4:04  Baneling x2, Drone  
  43  4:05  Drone x4  
  43  4:07  Drone  
  49  4:13  Drone x2  
  51  4:18  Overlord  
  51  4:22  Overlord  
  51  4:27  Overlord  
  50  4:37  Zergling x8  
  49  4:41  Drone  
  46  4:48  Zergling x2  
  46  4:50  Zergling x2  
  46  4:51  Zerg Melee Weapons Level 1, Hatchery  
  47  4:55  Queen  
  49  5:01  Drone x2  
  51  5:08  Queen  
  53  5:18  Baneling x2  
  53  5:19  Drone x3  
  53  5:20  Drone x4  
  53  5:21  Drone  
  61  5:27  Drone  
  62  5:30  Extractor  
  62  5:31  Baneling x2  
  62  5:32  Baneling  
  61  5:35  Zergling x2  
  61  5:38  Zergling x2  
  62  5:43  Zergling x2  
  62  5:46  Zergling x6  
  62  5:49  Zergling x4  
  64  5:50  Queen  
  64  5:53  Zergling x4  
  64  5:55  Zergling x2  
  69  6:03  Lair, Zergling x2  
  69  6:04  Zergling x2  
  70  6:12  Zergling x6  
  70  6:15  Overlord  
  70  6:16  Overlord  
  70  6:17  Extractor  
  70  6:18  Extractor, Overlord x2  
  71  6:19  Overlord  
  71  6:21  Overlord  
  69  6:33  Zergling x8  
  68  6:41  Zergling x4  
  68  6:42  Zergling x4  
  68  6:44  Zergling x4  
  70  6:48  Zerg Ground Armor Level 1, Zergling x10  
  70  6:49  Zergling x2  
  70  6:51  Drone x2  
  70  6:52  Drone  
  78  7:01  Zergling x2  
  78  7:05  Drone x2, Queen, Infestation Pit  
  81  7:09  Zergling x2  
  81  7:10  Zergling x4  
  81  7:13  Zergling x2  
  85  7:16  Zergling x4  
  85  7:20  Zergling x10  
  85  7:21  Zergling x2  
  92  7:26  Baneling x2  
  92  7:27  Zergling x2  
  83  7:33  Queen  
  83  7:36  Spire  
  78  7:39  Drone x3  
  80  7:49  Drone x3  
  82  7:51  Spine Crawler  
  82  7:53  Spine Crawler  
  82  7:58  Extractor  
  79  7:59  Extractor  
  76  8:14  Zergling x2  
  76  8:15  Zergling x12  
  76  8:16  Zergling x2  
  72  8:28  Drone  
  72  8:29  Drone  
  72  8:34  Spine Crawler  
  73  8:36  Spine Crawler  
  72  8:48  Mutalisk x8  
  72  8:49  Mutalisk  
  72  8:50  Overlord  
  72  8:51  Overlord  
  88  8:56  Drone x2  
  88  8:57  Drone x5  
  95  9:07  Baneling Nest  
Show
View Real Time Build Order
Export as new Build Order

Scarlett Zerg 

Build Orders: Pool First 

Get SALT Encoding   

  12  0:00  Drone  
  13  0:12  Overlord  
  13  0:18  Drone  
  14  0:31  Drone x2  
  14  0:35  Drone  
  17  0:44  Extractor  
  17  0:47  Drone  
  17  0:50  Spawning Pool  
  17  0:56  Drone  
  17  1:06  Drone  
  18  1:19  Hatchery  
  18  1:23  Drone  
  18  1:28  Drone  
  19  1:37  Queen  
  21  1:41  Zergling x2  
  22  1:48  Metabolic Boost  
  22  1:54  Overlord  
  22  2:05  Baneling Nest  
  22  2:07  Drone  
  22  2:15  Queen  
  24  2:24  Drone  
  24  2:25  Drone  
  26  2:33  Drone  
  26  2:36  Zergling x2  
  28  2:42  Overlord  
  28  2:46  Zergling x4  
  28  2:51  Zergling x4  
  32  2:54  Baneling x2  
  32  2:59  Overlord  
  32  3:01  Zergling x2  
  32  3:04  Drone  
  34  3:07  Drone  
  34  3:11  Queen  
  37  3:17  Drone  
  38  3:20  Drone x3  
  38  3:24  Drone  
  38  3:25  Drone  
  43  3:36  Drone  
  43  3:37  Drone x3  
  31  3:42  Drone  
  31  3:48  Drone x2  
  34  3:50  Drone x2  
  36  3:58  Zergling x2  
  36  3:59  Zergling x6  
  40  4:06  Baneling x2  
  40  4:08  Zergling x4  
  40  4:09  Baneling  
  42  4:11  Zergling x2  
  43  4:19  Overlord x2  
  38  4:39  Queen  
  37  4:49  Drone x6  
  43  5:02  Zergling x6  
  43  5:05  Hatchery  
  45  5:08  Baneling x2  
  45  5:13  Extractor, Zergling x6  
  47  5:14  Evolution Chamber  
  46  5:24  Drone x3  
  46  5:25  Lair  
  49  5:34  Drone  
  49  5:35  Drone x2  
  52  5:40  Zergling x2  
  53  5:48  Drone x5  
  53  5:49  Zerg Missile Weapons Level 1  
  46  5:56  Overlord  
  46  5:57  Drone x3  
  49  6:08  Drone  
  49  6:09  Drone  
  44  6:22  Roach Warren  
  44  6:23  Zergling x10  
  48  6:25  Overseer  
  48  6:27  Queen  
  48  6:32  Zergling x8  
  47  6:43  Zergling x6  
  44  6:47  Drone  
  44  6:51  Baneling  
  44  6:52  Baneling  
  45  6:54  Drone  
  45  6:55  Drone x2  
  45  6:59  Baneling x2  
  45  7:00  Baneling  
  48  7:06  Roach x2  
  54  7:09  Glial Reconstitution  
  54  7:12  Roach  
  54  7:13  Roach x2  
  56  7:25  Roach x3  
  56  7:26  Roach  
  56  7:29  Roach  
  51  7:39  Roach x2  
  51  7:43  Drone x2  
  55  7:50  Drone x3  
  58  7:56  Drone x2  
  60  8:00  Drone  
  57  8:14  Drone  
  57  8:15  Drone x3  
  51  8:20  Drone  
  51  8:21  Drone x4  
  51  8:24  Drone  
  53  8:33  Drone x3  
  56  8:35  Overseer  
  56  8:38  Ravager  
  57  8:42  Drone x2  
  57  8:46  Drone x2  
  57  8:47  Drone  
  62  8:52  Roach x2  
  66  9:02  Overlord  
Tags
 
Add a new tag
Caveats
  • Supply blocks, unpowered buildings, or Contaminate may cause inaccurate times.
  • Supply counts are checked every 10 seconds.